AoeStats
← AOKI_Shogi

MegaRandom

510191587Analyzed
4v4 RM · 3d ago on Sep 29, 2026· 43m 29s· 8 players
Game mode
Random Map
Map size
Large (8 player)
Population
200
Speed
Normal
Resources
Standard
Victory
Conquest
Starting age
Dark Age
Ending age
Imperial Age
RankedLock teamsTeams togetherTeam positionsShared explorationLock speedFull tech treeHidden civsTurbo modeCheats
Victory
Defeat
🇲🇦 Jurchens · Morocco
1574
+10
🇨🇭 Vikings · Switzerland
1449
+15
🇫🇷 Italians · France
1376
+18
🇫🇷 Tatars · France
1346
+19
🇸🇪 Wei · Sweden
1738
-26
🇸🇪 Huns · Sweden
1509
-19
🇸🇪 Danes · Sweden
1279
-10
🇸🇪 Goths · Sweden
1194
-7
J.D.Rehn
4:53 Loom
10:22 Feudal Age
10:40 Man-at-Arms
11:11 Double-Bit Axe
11:21 Horse Collar
15:26 Wheelbarrow
19:11 Scale Barding Armor
19:22 Bloodlines
23:26 Castle Age
22:48 Stone Mining
23:02 Gold Mining
25:05 Heavy Plow
25:17 Bow Saw
26:44 Scale Mail Armor
27:18 Forging
27:46 Hand Cart
29:48 Fletching
33:11 Chain Mail Armor
34:12 Pikeman
35:28 Squires
40:40 Imperial Age
39:55 Iron Casting
40:21 Anarchy
41:45 Conscription
42:54 Blast Furnace
41:53 Elite Huskarl
wmoloo
6:46 Loom
9:21 Feudal Age
10:58 Double-Bit Axe
15:47 Fletching
15:57 Padded Archer Armor
35:02 Castle Age
33:43 Horse Collar
35:03 Crossbowman
35:41 Bodkin Arrow
36:14 Thumb Ring
Jonah_
6:16 Loom
9:05 Feudal Age
9:36 Double-Bit Axe
14:42 Fletching
23:51 Castle Age
22:33 Horse Collar
22:44 Gold Mining
23:48 Padded Archer Armor
24:38 Bodkin Arrow
24:54 Bow Saw
24:10 Crossbowman
25:44 Bodkin Arrow
28:06 Leather Archer Armor
29:37 Ballistics
33:01 Thumb Ring
35:46 Bloodlines
36:59 Husbandry
39:05 Town Watch
40:01 Wheelbarrow
42:12 Hand Cart
Creweer
7:56 Loom
9:57 Feudal Age
11:35 Double-Bit Axe
13:26 Horse Collar
17:50 Scale Barding Armor
19:55 Bloodlines
21:13 Forging
28:09 Castle Age
28:15 Light Cavalry
29:32 Chain Barding Armor
29:48 Iron Casting
32:41 Husbandry
33:18 Heavy Plow
35:08 Gold Mining
35:44 Bow Saw
43:11 Wheelbarrow
45:12 Imperial Age
AOKI_Shogi
7:08 Loom
9:12 Feudal Age
12:22 Fletching
14:48 Padded Archer Armor
15:21 Double-Bit Axe
19:13 Wheelbarrow
23:53 Castle Age
22:25 Gold Mining
22:18 Horse Collar
24:12 Crossbowman
25:01 Bodkin Arrow
25:29 Bow Saw
25:47 Leather Archer Armor
25:31 Town Watch
29:41 Ballistics
30:12 Hand Cart
34:10 Bloodlines
34:01 Husbandry
34:08 Heavy Plow
34:45 Gold Shaft Mining
34:02 Stone Mining
38:54 Imperial Age
37:49 Caravan
39:56 Bracer
40:59 Chemistry
41:47 Ring Archer Armor
42:48 Elite Skirmisher
42:52 Heavy Cavalry Archer
Yarcla
6:34 Loom
9:11 Feudal Age
15:15 Scale Barding Armor
23:53 Double-Bit Axe
26:44 Castle Age
24:59 Bloodlines
26:02 Forging
27:49 Chain Barding Armor
28:04 Iron Casting
27:49 Husbandry
27:58 Horse Collar
30:03 Heavy Plow
42:01 Imperial Age
40:07 Wheelbarrow
42:05 Hand Cart
41:50 Gold Mining
41:50 Stone Mining
41:53 Town Watch
42:17 Cavalier
43:33 Plate Barding Armor
43:58 Blast Furnace
43:49 Stone Shaft Mining
BehCoY
7:27 Loom
9:33 Feudal Age
14:31 Fletching
18:24 Double-Bit Axe
24:34 Castle Age
22:42 Gold Mining
24:40 Crossbowman
25:51 Bow Saw
26:15 Bodkin Arrow
27:26 Horse Collar
27:53 Padded Archer Armor
30:13 Leather Archer Armor
30:20 Ballistics
33:06 Heavy Plow
37:13 Imperial Age
34:59 Stone Mining
36:16 Town Watch
37:25 Arbalester
38:07 Bracer
39:21 Ring Archer Armor
39:53 Chemistry
38:35 Treadmill Crane
40:25 Two-Man Saw
40:01 Gold Shaft Mining
42:39 Bogsveigar
Skrillll
7:04 Loom
9:13 Feudal Age
10:12 Double-Bit Axe
10:19 Horse Collar
19:34 Wheelbarrow
22:22 Castle Age
21:09 Scale Barding Armor
21:29 Bloodlines
22:48 Gold Mining
22:26 Light Cavalry
23:27 Chain Barding Armor
25:17 Bow Saw
27:47 Husbandry
27:47 Husbandry
30:47 Hand Cart
31:38 Forging
33:21 Iron Casting
41:11 Imperial Age
40:51 Fletching
41:20 Elite Steppe Lancer
42:36 Plate Barding Armor
43:02 Blast Furnace
43:04 Caravan
42:49 Hussar
Connection lost

Rejoining the realm…

Still unreachable

The connection could not be restored.

Session expired

The server has moved on; the page needs a fresh start.